 Dungeon Crawl Stone Soup version 0.20-a0-2-g2b0e13a (webtiles) character file.

613 Minion the Magician (level 7, -6/41 HPs)
             Began as a High Elf Wizard on Oct 30, 2016.
             Mangled by an ogre
             ... wielding a +0 giant spiked club
              (23 damage)
             ... on level 5 of the Dungeon.
             The game lasted 00:13:08 (4451 turns).

Minion the Magician (High Elf Wizard)               Turns: 4451, Time: 00:13:08

Health: -6/41      AC:  2    Str:  6    XL:     7   Next: 20%
Magic:  11/18      EV: 12    Int: 25    God:
Gold:   258        SH:  0    Dex: 13    Spells: 3 memorised, 14 levels left

rFire  . . .     SeeInvis .     r - +10 hand axe "Ximiupha" {freeze, +Inv rElec}
rCold  . . .     Gourm    .     a - +0 robe
rNeg   . . .     Faith    .     (no shield)
rPois  .         Spirit   .     b - +0 hat
rElec  +         Reflect  .     (no cloak)
rCorr  .         Harm     .     (no gloves)
MR     .....                    (no boots)
Stlth  ++........               (no amulet)
                                (no ring)
                                (no ring)

@: no status effects
A: no striking features
a: Evoke Invisibility


You were on level 5 of the Dungeon.
You were hungry.

You visited 1 branch of the dungeon, and saw 5 of its levels.

You collected 258 gold pieces.

Inventory:

Hand Weapons
 r - the +10 hand axe "Ximiupha" (weapon) {freeze, +Inv rElec}
   (You found it on level 5 of the Dungeon)

   It has been specially enchanted to freeze those struck by it, causing extra
   injury to most foes and up to half again as much damage against particularly
   susceptible opponents.
   It can also slow down cold-blooded creatures.
   It insulates you from electricity.
   It lets you turn invisible.
Armour
 a - a +0 robe (worn)
 b - a +0 hat (worn)
Wands
 w - a wand of random effects (10/48)
Scrolls
 h - 2 scrolls of immolation {unknown}
 k - a scroll of enchant weapon {unknown}
 n - a scroll of magic mapping {unknown}
 q - a scroll of remove curse {unknown}
 t - 2 scrolls of fog {unknown}
 v - 2 scrolls of identify {unknown}
Potions
 e - 4 potions of curing {unknown}
 f - a potion of agility {unknown}
 i - a potion of might {unknown}
 j - a potion of brilliance {unknown}
 m - 3 potions of flight {unknown}
 p - a potion of beneficial mutation {unknown}
 s - a potion of experience {unknown}
 u - a potion of haste {unknown}
 x - a potion of heal wounds {unknown}
Books
 c - a book of Minor Magic

   Spells                             Type                      Level
   a - Magic Dart                     Conjuration                  1
   b - Blink                          Translocation                2
   c - Call Imp                       Summoning                    2
   d - Repel Missiles                 Charms/Air                   2
   e - Slow                           Hexes                        2
   f - Conjure Flame                  Conjuration/Fire             3
   g - Mephitic Cloud                 Conjuration/Poison/Air       3
Comestibles
 d - 2 bread rations
 g - 3 beef jerkies
 l - a slice of pizza
 o - a meat ration


   Skills:
 - Level 2.1 Dodging
 - Level 2.1 Stealth
 + Level 7.1 Spellcasting
 + Level 6.0 Conjurations
   Level 0.8 Summonings
 - Level 1.1 Translocations


You had 14 spell levels left.
You knew the following spells:

 Your Spells              Type           Power        Failure   Level  Hunger
a - Magic Dart            Conj           ####         1%          1    None
b - Mephitic Cloud        Conj/Pois/Air  ###.....     12%         3    None
c - Blink                 Tloc           N/A          10%         2    None


Dungeon Overview and Level Annotations

Branches:
Dungeon (5/15)
 Temple: D:4-7

Altars:
Dithmenos
Qazlal
Sif Muna
Yredelemnul
Zin
The Shining One

Shops:
D:5 }


Message History

The ogre is severely wounded.
The ogre hits you with a giant spiked club!
Casting: Magic Dart
Confirm with . or Enter, or press ? or * to list all spells.
Aiming: Magic Dart
Press: ? - help, Shift-Dir - straight line, f/p - ogre
Aim: an ogre, wielding a giant spiked club (severely wounded)
The magic dart hits the ogre.
The ogre is almost dead.
The ogre hits you with a giant spiked club!
Casting: Magic Dart
Confirm with . or Enter, or press ? or * to list all spells.
Aiming: Magic Dart
Press: ? - help, Shift-Dir - straight line, f/p - ogre
Aim: an ogre, wielding a giant spiked club (almost dead)
The magic dart hits the ogre.
The ogre is almost dead.
The ogre hits you with a giant spiked club!!
Ouch! That really hurt!
You die...

######... #.Or.....
#@# #.# # ##.## ##.
##...#######..
#..#.........#
#######....######..#
......#.#.## #).#
..........#
#####..## ####
####.#.### #.......#
#...


You could see an ogre and a quokka.

Vanquished Creatures
  An ice beast (D:5)
  A black bear (D:3)
  An ogre (D:4)
  A howler monkey (D:4)
  A centaur zombie (D:4)
  2 hounds
  An orc priest (D:5)
  A bullfrog skeleton (D:4)
  A worker ant (D:4)
  4 adders
  A shadow imp (D:5)
  An ooze (D:4)
  A worm (D:5)
  A dart slug (D:1)
  3 leopard geckos
  7 orcs
  8 giant cockroaches
  6 goblins
  8 hobgoblins
  4 jackals (D:4)
  8 bats
  7 frilled lizards
  8 kobolds
  A quokka skeleton (D:4)
  10 rats
88 creatures vanquished.

Notes
Turn   | Place    | Note
-------+----------+-------------------------------------------
     0 | D:1      | Minion the High Elf Wizard began the quest for the Orb.
     0 | D:1      | Reached XP level 1. HP: 11/11 MP: 6/6
   221 | D:1      | Reached XP level 2. HP: 17/17 MP: 2/7
   385 | D:1      | Reached skill level 4 in Spellcasting
   732 | D:2      | Reached XP level 3. HP: 21/21 MP: 2/9
   994 | D:2      | Found a glowing silver altar of Zin.
   999 | D:2      | Learned a level 3 spell: Mephitic Cloud
  1002 | D:2      | Learned a level 2 spell: Blink
  1759 | D:3      | Reached XP level 4. HP: 27/27 MP: 7/11
  2183 | D:3      | Noticed a black bear
  2189 | D:3      | Killed a black bear
  2189 | D:3      | Reached skill level 5 in Spellcasting
  2189 | D:3      | Reached XP level 5. HP: 31/31 MP: 7/14
  2474 | D:4      | Noticed an ogre
  2478 | D:4      | Killed an ogre
  2501 | D:4      | Reached skill level 6 in Spellcasting
  2501 | D:4      | Reached XP level 6. HP: 36/36 MP: 9/16
  2776 | D:4      | Found a glowing golden altar of the Shining One.
  2776 | D:4      | Found a shadowy altar of Dithmenos.
  2782 | D:4      | Found a deep blue altar of Sif Muna.
  2784 | D:4      | Found a basalt altar of Yredelemnul.
  2786 | D:4      | Found a stormy altar of Qazlal.
  2946 | D:4      | Reached skill level 5 in Conjurations
  3616 | D:5      | Entered Level 5 of the Dungeon
  4040 | D:5      | Got an ivory hand axe
  4041 | D:5      | Identified the +10 hand axe "Ximiupha" {freeze, +Inv rElec} (You found it on level 5 of the Dungeon)
  4051 | D:5      | Noticed an ice beast
  4065 | D:5      | Killed an ice beast
  4065 | D:5      | Reached XP level 7. HP: 24/41 MP: 6/18
  4205 | D:5      | Reached skill level 7 in Spellcasting
  4319 | D:5      | Found Jingozen's Gadget Shop.
  4451 | D:5      | Mangled by an ogre

Vault maps used:
D:1:      minmay_arrival_split_and_join, bh_walls_and_bars
D:2:      lemuel_crystal_altar
D:4:      chequers_temple_overflow_minitemple, first_bread
D:5:      serial_shops, shop, shop, nicolae_shop_behind_doors, shop

Skill      XL: |  1  2  3  4  5  6  7 |
---------------+----------------------+-----
Conjurations   | 2 3 4 5 6 |  6.0
Spellcasting   | 4 5 6 7 |  7.1
Dodging        | |  2.1
Stealth        | |  2.1
Summonings     | |  0.8
Translocations | |  1.1

Action                   |  1- 3 |  4- 6 |  7- 9 || total
-------------------------+-------+-------+-------++-------
Melee: Unarmed           |     2 |    27 |       ||    29
 Cast: Magic Dart        |    83 |   125 |    31 ||   239
       Mephitic Cloud    |       |     1 |       ||     1
       Blink             |       |     1 |       ||     1
  Eat: Chunk             |     2 |     6 |       ||     8
       Royal jelly       |       |     1 |       ||     1
Armor: Robe              |     1 |    12 |     1 ||    14
Dodge: Dodged            |     8 |    51 |     2 ||    61
